 Dungeon Crawl Stone Soup version 0.19.1 (webtiles) character file.

2039 Milesaru the Grappler (level 9, -5/88 HPs)
             Began as a Troll Monk on Dec 15, 2016.
             Was a Priest of Makhleb.
             Hit by an exploding tomahawk thrown by an orc warrior (22 damage)
             ... on level 6 of the Dungeon.
             The game lasted 00:12:16 (3978 turns).

Milesaru the Grappler (Troll Monk)                  Turns: 3978, Time: 00:12:17

Health: -5/88      AC:  6    Str: 21    XL:     9   Next: 4%
Magic:  8/8        EV: 13    Int:  6    God:    Makhleb [***...]
Gold:   287        SH:  0    Dex: 15    Spells: 0 memorised, 8 levels left

rFire  . . .     SeeInvis .       - Unarmed
rCold  . . .     Gourm    +     a - +0 robe
rNeg   . . .     Faith    .     (no shield)
rPois  +         Spirit   .     (helmet restricted)
rElec  .         Reflect  .     c - +0 cloak
rCorr  .         Harm     .     (gloves unavailable)
MR     .....                    (boots unavailable)
Stlth  +++.......               e - amulet of rage
                                s - ring of stealth
                                h - ring of poison resistance

@: no status effects
A: unfitting armour, claws 3, fast metabolism 3, gourmand, regeneration 1,
shaggy fur 1, tough skin 2
a: Minor Destruction, Lesser Servant of Makhleb, Renounce Religion, Evoke
Berserk Rage


You were on level 6 of the Dungeon.
You worshipped Makhleb.
Makhleb was most pleased with you.
You were completely stuffed.

You visited 2 branches of the dungeon, and saw 7 of its levels.

You collected 287 gold pieces.

Inventory:

Missiles
 g - 153 stones (quivered)
Armour
 a - a +0 robe (worn)
 c - a +0 cloak (worn)
Jewellery
 e - an amulet of rage (around neck)
 h - a ring of poison resistance (left claw)
 s - a ring of stealth (right claw)
Wands
 u - a wand of disintegration (15/24)
 C - a wand of enslavement (8/24)
 D - a wand of iceblast (5/15)
 E - a wand of confusion (13/48)
Scrolls
 d - 2 scrolls of enchant weapon {unknown}
 f - 2 scrolls of amnesia {unknown}
 j - 3 scrolls of recharging {unknown}
 n - 3 scrolls of fear {unknown}
 q - a scroll of immolation {unknown}
 r - 5 scrolls of identify {unknown}
 v - 2 scrolls of remove curse {unknown}
 x - a scroll of teleportation {unknown}
Potions
 k - a potion of might {unknown}
 l - a potion of haste {unknown}
 p - 2 potions of agility {unknown}
 t - 3 potions of ambrosia {unknown}
 w - a potion of flight {unknown}
 z - a potion of degeneration {unknown}
Books
 y - a book of Maledictions

   Spells                             Type                      Level
   a - Corona                         Hexes                        1
   b - Ensorcelled Hibernation        Hexes/Ice                    2
   c - Confuse                        Hexes                        3
   d - Tukima's Dance                 Hexes                        3
   e - Dazzling Spray                 Conjuration/Hexes            3
Comestibles
 b - 9 bread rations
 i - a beef jerky
 m - 5 fruits
 o - a slice of pizza
 A - 2 meat rations
 B - 6 chunks of flesh


   Skills:
 + Level 5.4 Fighting
 + Level 5.5 Dodging
 - Level 1.0 Stealth
 * Level 9.0 Unarmed Combat


You had 8 spell levels left.
You didn't know any spells.

Dungeon Overview and Level Annotations

Branches:
Dungeon (6/15)             Temple (1/1) D:4

Altars:
Cheibriados
Elyvilon
Fedhas
Gozag
Hepliaklqana
Makhleb
Nemelex Xobeh
Okawaru
Qazlal
Ru
Sif Muna
Trog
Uskayaw
Xom
Yredelemnul
The Shining One


Innate Abilities, Weirdness & Mutations

You are too large for most types of armour.
You have claws for hands.
Your metabolism is lightning-fast.
You like to eat raw meat.
Your natural rate of healing is unusually fast.
You are covered in fur. (AC +1)
You have very tough skin. (AC +2)


Message History

You are too injured to fight recklessly!
You are too injured to fight recklessly!
You are too injured to fight recklessly!
You claw the orc warrior!
The orc warrior is moderately wounded.
The orc warrior hits you with a mace!
* * * LOW HITPOINT WARNING * * *
The orc warrior throws an exploding tomahawk.
The exploding tomahawk barely misses you.
The exploding tomahawk explodes!
The orc warrior throws an exploding tomahawk.
The exploding tomahawk barely misses you.
The exploding tomahawk explodes!
Things that are here:
a robe; an enchanted falchion
Things that are here:
a robe; a mace of crushing The orc warrior throws an exploding tomahawk.
The exploding tomahawk hits you!!
You die...

##.## #....)......
##.## ##......p....
##.## ##............
##.###o.#..........
##)...##..........
#..o##).......... ##
##[)##..)........ #.#
##[..)#)......)...
#.####@.##.(#)...).)[).
#......####.(......)##)
##....## ###(.....###.
#....# ######## ##
##...# # #...# #.p.#
##..# #..##


You could see an orc warrior, an orc and a neutral freed slave (wandering).

Vanquished Creatures
  Pikel (D:6)
  Menkaure (D:6)
  Duvessa (D:6)
  2 ice beasts
  A phantom (D:4)
  2 centaurs
  A bullfrog (D:6)
  Dowan (D:6)
  3 howler monkeys
  5 wights
  2 crimson imps (D:5)
  A hound (D:6)
  6 orc priests
  2 orc wizards
  An iguana (D:6)
  2 worker ants
  A hound skeleton (D:6)
  5 adders
  A shadow imp (D:6)
  3 oozes
  An adder skeleton (D:5)
  5 worms
  3 dart slugs
  18 orcs
  4 giant cockroaches
  5 goblins
  7 hobgoblins
  10 jackals
  2 quokkas
  6 bats
  3 frilled lizards
  A jackal skeleton (D:5)
  5 kobolds
  A leopard gecko skeleton (D:4)
  5 rats
118 creatures vanquished.

Vanquished Creatures (others)
  A slave (D:6)
  An ogre (D:6)
  3 orcs (D:6)
5 creatures vanquished.

Grand Total: 123 creatures vanquished

Notes
Turn   | Place    | Note
-------+----------+-------------------------------------------
     0 | D:1      | Milesaru the Troll Monk began the quest for the Orb.
     0 | D:1      | Reached XP level 1. HP: 22/22 MP: 0/0
   115 | D:1      | You fall through a shaft!
   151 | D:1      | Reached XP level 2. HP: 29/29 MP: 1/1
   476 | D:1      | Reached XP level 3. HP: 36/36 MP: 2/2
   825 | D:2      | Reached skill level 4 in Unarmed Combat
   862 | D:2      | Found an iron altar of Okawaru.
  1213 | D:3      | Reached XP level 4. HP: 44/44 MP: 3/3
  1298 | D:3      | Found a stormy altar of Qazlal.
  1641 | D:3      | Reached XP level 5. HP: 52/53 MP: 4/4
  2057 | D:4      | Noticed a phantom
  2088 | D:4      | Found a shimmering altar of Xom.
  2101 | D:4      | Killed a phantom
  2101 | D:4      | Reached skill level 5 in Unarmed Combat
  2101 | D:4      | Reached XP level 6. HP: 48/61 MP: 5/5
  2138 | D:4      | Found an opulent altar of Gozag.
  2207 | D:4      | Found a staircase to the Ecumenical Temple.
  2235 | Temple   | Entered the Ecumenical Temple
  2354 | Temple   | Became a worshipper of Makhleb the Destroyer
  2354 | Temple   | Reached * piety under Makhleb
  2354 | Temple   | Reached ** piety under Makhleb
  2517 | D:4      | Found a hide-covered altar of Uskayaw.
  2556 | D:4      | Found a white marble altar of Elyvilon.
  2582 | D:5      | Entered Level 5 of the Dungeon
  2582 | D:5      | Noticed an ice beast
  2587 | D:5      | Killed an ice beast
  2621 | D:5      | Reached skill level 6 in Unarmed Combat
  2621 | D:5      | Reached XP level 7. HP: 68/68 MP: 6/6
  3517 | D:5      | Reached skill level 7 in Unarmed Combat
  3584 | D:6      | Noticed Pikel
  3604 | D:6      | Killed Pikel
  3604 | D:6      | Reached skill level 5 in Fighting
  3604 | D:6      | Reached skill level 5 in Dodging
  3604 | D:6      | Reached skill level 8 in Unarmed Combat
  3604 | D:6      | Reached XP level 8. HP: 42/80 MP: 7/7
  3773 | D:6      | Noticed Menkaure
  3779 | D:6      | Killed Menkaure
  3815 | D:6      | Reached *** piety under Makhleb
  3844 | D:6      | Noticed Duvessa
  3845 | D:6      | Noticed Dowan
  3886 | D:6      | Killed Dowan
  3972 | D:6      | Killed Duvessa
  3972 | D:6      | Reached skill level 9 in Unarmed Combat
  3972 | D:6      | Reached XP level 9. HP: 38/88 MP: 8/8
  3978 | D:6      | Hit by an exploding tomahawk thrown by an orc warrior

Skill      XL: |  1  2  3  4  5  6  7  8 |
---------------+-------------------------+-----
Unarmed Combat | 4 5 6 8 9 |  9.0
Dodging        | 3 5 |  5.5
Fighting       | 3 5 |  5.4
Stealth        | |  1.0

Action                   |  1- 3 |  4- 6 |  7- 9 || total
-------------------------+-------+-------+-------++-------
Melee: Unarmed           |    83 |   159 |   133 ||   375
       Punch             |     2 |     2 |     4 ||     8
Throw: Stone             |       |       |     3 ||     3
 Stab: Sleeping          |     1 |     2 |     2 ||     5
  Eat: Chunk             |    14 |    15 |    13 ||    42
Armor: Robe              |    20 |    45 |    28 ||    93
Dodge: Dodged            |    49 |    92 |    56 ||   197
